Selects Advanced Infantry Battlegroup
Selects Convert to Ranger Squad
M1918 Browning Automatic Rifles
Selects Frontline Medical Station
Frontline Medical Station
Selects Ranger Weapon Training
Selects Artillery Observers
Selects M2A1 105mm Howitzer Emplacement
Construct Weapon Support Center
Frontline Medical Station
Frontline Medical Station
M3 Armored Personnel Carrier
Selects 155mm Rapid Artillery Barrage
M18 Hellcat Tank Destroyer
155mm Rapid Artillery Barrage
M18 Hellcat Tank Destroyer
155mm Rapid Artillery Barrage
M18 Hellcat Tank Destroyer
155mm Rapid Artillery Barrage
M18 Hellcat Tank Destroyer